 Dungeon Crawl Stone Soup version 0.28-a0-984-g3775c662fe (webtiles) character file.

Game seed: 18301430702606062597

5696 vurker the Thaumaturge (level 10, 49/49 HPs)
             Began as a Felid Air Elementalist on Dec 3, 2021.
             Was a High Priest of Vehumet.
             Quit the game on level 12 of the Dungeon.
             The game lasted 00:23:36 (22632 turns).

vurker the Thaumaturge (Felid Air Elementalist)    Turns: 22632, Time: 00:23:36

Health: 49/49      AC:  7    Str:  4    XL:     10   Next: 47%
Magic:  36/36      EV: 17    Int: 22    God:    Vehumet [*****.]
Gold:   638        SH:  5    Dex: 16    Spells: 19/33 levels left
                                        Lives:  0   Deaths: 2

rFire   . . .      SeeInvis +   (weapon unavailable)
rCold   + . .      Faith    .   (shield unavailable)
rNeg    . . .      Spirit   .   (armour unavailable)
rPois   .          Reflect  +   (helmet unavailable)
rElec   .          Harm     .   (cloak unavailable)
rCorr   .          Rampage  .   (gloves unavailable)
Will    +....                   (boots unavailable)
Stlth   ++........              e - amulet of reflection
HPRegen 0.16/turn               a - +4 ring of protection
MPRegen 0.25/turn               s - ring of magical power

@: quick
A: very small, claws 1, fangs 3, see invisible, speed 1, shaggy fur 3, stealthy
paws, no weapons or thrown items, no armour, multi-lived
a: Renounce Religion


You were on level 12 of the Dungeon.
You worshipped Vehumet.
Vehumet was extremely pleased with you.
You visited 2 branches of the dungeon, and saw 15 of its levels.
You also visited: Sewer.

You collected 638 gold pieces.

Inventory:

Jewellery
 a - a +4 ring of protection (left paw)
   (You took it off a goblin on level 2 of the Dungeon)
 e - an amulet of reflection (around neck)
   (You found it on level 4 of the Dungeon)
 o - a ring of positive energy
   (You found it on level 5 of the Dungeon)
 s - a ring of magical power (right paw)
   (You found it on level 7 of the Dungeon)
Wands
 d - a wand of iceblast (6)
   (You took it off Erica on level 11 of the Dungeon)
 h - a wand of mindburst (15)
   (You found it on level 3 of the Dungeon)
 r - a wand of charming (9)
   (You found it on level 7 of the Dungeon)
 t - a wand of flame (10)
   (You found it on level 11 of the Dungeon)
 u - a wand of paralysis (17)
   (You found it on level 4 of the Dungeon)
 v - a wand of digging (4)
   (You found it on level 8 of the Dungeon)
 x - a wand of acid (1)
   (You found it on level 9 of the Dungeon)
Scrolls
 f - 5 scrolls of teleportation
 g - 2 scrolls of blinking
 n - 3 scrolls of fear
 p - a scroll of amnesia
 w - 3 scrolls of identify
 y - 2 scrolls of immolation
Potions
 b - 3 potions of magic
 c - 4 potions of curing
 i - 3 potions of heal wounds
 j - 2 potions of cancellation {unknown}
 k - 2 potions of flight
 l - 3 potions of haste
 m - 2 potions of invisibility
 q - a potion of lignification
 z - 2 potions of mutation
 A - a potion of brilliance {unknown}
 B - a potion of might {unknown}


   Skills:
 + Level 9.3 Fighting
 - Level 2.6 Dodging
 - Level 2.6 Stealth
 * Level 12.2 Spellcasting
 - Level 3.0 Conjurations
 - Level 11.0 Air Magic
 - Level 5.0 Poison Magic


You had 19 spell levels left.
You knew the following spells:

 Your Spells              Type           Power      Damage    Failure   Level
a - Shock                 Conj/Air       100%       1d9       1%          1
b - Lightning Bolt        Conj/Air       22%        1d37      2%          5
c - Airstrike             Air            29%        N/A       1%          4
q - Olgreb's Toxic Radia  Pois           35%        N/A       1%          4

Your spell library contained the following spells:

 Spells                   Type           Power      Damage    Failure   Level
 Orb of Destruction       Conj           13%        9d6       94%         7
 Magic Dart               Conj           100%       1d8       1%          1
 Sting                    Tmut/Pois      96%        1d7       1%          1
 Poisonous Vapours        Pois/Air       96%        N/A       1%          2
 Searing Ray              Conj           52%        2d6       1%          2
 Static Discharge         Conj/Air       44%        N/A       1%          2
 Swiftness                Air            58%        N/A       1%          3
 Stone Arrow              Conj/Erth      40%        3d9       2%          3
 Summon Small Mammal      Summ           52%        N/A       4%          1
 Summon Lightning Spire   Summ/Air       37%        N/A       4%          4
 Fulminant Prism          Conj/Hex       10%        3d9       7%          4
 Sticky Flame             Conj/Fire      20%        2d4       7%          4
 Call Canine Familiar     Summ           13%        N/A       14%         3
 Summon Guardian Golem    Hex/Summ       13%        N/A       14%         3
 Dispel Undead            Necr           13%        3d9       43%         4
 Lehudib's Crystal Spear  Conj/Erth      10%        10d4      100%        8
 Animate Armour           Summ/Erth      Unusable   N/A       N/A         4

Dungeon Overview and Level Annotations

Branches:
Dungeon (14/15)            Temple (1/1) D:5            Lair (0/6) D:10
    Orc (0/2) D:11          Sewer (visited)
 Vaults: D:13-14

Altars:
Fedhas
Gozag
Nemelex Xobeh
Sif Muna
Trog
Vehumet

Shops:
D:4 (   D:14 *

Annotations:
D:10 exclusion: upstairs
D:11 1 runed translucent door, casual's ghost, journeyman GnTm
D:12 Josephine
D:14 3 runed translucent doors, Merytag's ghost, journeyman MiFi


Innate Abilities, Weirdness & Mutations

You have sharp claws.
You have razor-sharp teeth.
You have supernaturally acute eyesight. (SInv)
You cover ground quickly. (Speed+)
Your thick and shaggy fur keeps you warm. (AC +3, rC+)
Your paws help you pounce on unaware monsters.
You are incapable of wielding weapons or throwing items.
You cannot wear armour.
You gain extra lives every three experience levels.


Message History

Aim: a cyclops, quivering large rocks (lightly wounded, empty space bonus: 4/8)
The air twists around and strikes the cyclops!
Aim: a cyclops, quivering large rocks (heavily wounded, empty space bonus: 4/8)
The air twists around and strikes the cyclops!
Aim: a cyclops, quivering large rocks (severely wounded, empty space bonus: 5/8)
The air twists around and strikes the cyclops!
You kill the cyclops!
Vehumet accepts your kill.
A death knight comes into view. It is wielding a +0 battleaxe.
Aim: a death knight, wielding a +0 battleaxe and wearing a +0 chain mail (wandering, hasn't noticed you, empty space bonus: 1/8)
The air twists around and strikes the death knight!
The death knight shouts!
Aim: a death knight, wielding a +0 battleaxe and wearing a +0 chain mail (lightly wounded, empty space bonus: 2/8)
The air twists around and strikes the death knight!
Aim: a death knight, wielding a +0 battleaxe and wearing a +0 chain mail (lightly wounded, empty space bonus: 3/8)
The air twists around and strikes the death knight.
You begin to radiate toxic energy.
The death knight is poisoned.
The death knight looks even sicker.
Found a stone staircase leading up.
Your toxic aura wanes.
A shadow comes into view.
The death knight invokes the aid of Yredelemnul against you.
You resist with some effort.
There is a stone staircase leading up here.
You climb upwards.
Level annotation: Josephine Josephine shouts!
Josephine says, "I'll make a rug of your skin."
The wraith hits you but does no damage.
Josephine gestures at you while chanting.
The ghostly flame explodes!
The ghostly fireball engulfs you!!
You feel drained.
The ghostly fireball engulfs the wraith.
The wraith completely resists.
The wraith closely misses you.
Found a wand of iceblast (8).
There is a stone staircase leading down here.
As you read the scroll of teleportation, it crumbles to dust.
You feel strangely unstable. The wraith hits you!
* * * LOW HITPOINT WARNING * * *
The wraith drains your vigour!
You feel yourself slow down. Josephine casts a spell at you.
The ghostly flame explodes!
The ghostly fireball engulfs you!!
You feel drained.
Ouch! That really hurt!
You die...
The ghostly fireball engulfs the wraith.
The wraith completely resists.
The wraith closely misses you.
You are now level 10!
You rejoin the land of the living...

#..........#..#
#...≈≈≈≈≈≈≈..#..#
....≈#####≈..#....
.... #...#≈..#.....
#+#. #.∩.#≈.########
#.≈#...#≈.......#
#.≈##.##≈.......+
#.≈≈≈≈≈≈≈.......#
#..........@....#
####.)##############
#.....).).†)).......
#.....#)...#..).....
############.#####..
# #......# #
#......# .. #
#######'##### ....#
............#
##+#..##


There were no monsters in sight!

Vanquished Creatures
  A hydra (D:12)
  5 two-headed ogres
  A centaur warrior (D:14)
  2 tengu warriors (D:11)
  Erica (D:11)
  A deep elf pyromancer (D:14)
  A cyclops (D:13)
  Joseph (D:8)
  A gargoyle (D:10)
  A komodo dragon (D:12)
  An efreet (D:12)
  A yaktaur (D:14)
  A queen bee (D:9)
  2 trolls
  2 shadows
  3 wraiths (D:12)
  A wyvern (D:7)
  18 yaks
  4 vampire mosquitoes (D:14)
  Menkaure (D:4)
  A two-headed ogre zombie (D:11)
  An acid dragon (D:11)
  2 ice beasts
  7 orc warriors
  A black bear (D:5)
  2 necrophages
  3 ogres
  4 centaurs
  4 phantoms
  4 kobold brigands
  2 gnoll sergeants
  4 bullfrogs
  2 wyvern zombies
  2 scorpions
  3 troll zombies (D:11)
  5 wights (D:7)
  8 killer bees (D:9)
  8 electric eels (D:11)
  3 howler monkeys (D:10)
  6 centaur zombies
  A jelly (D:6)
  2 bullfrog zombies
  A centaur skeleton (D:7)
  2 hounds
  3 orc priests
  2 bullfrog skeletons (D:6)
  A gnoll shaman (D:8)
  Jessica (D:3)
  An iguana (D:5)
  14 orc wizards
  6 hell rats (D:7)
  A killer bee zombie (D:7)
  4 ogre zombies (D:11)
  A hound skeleton (D:4)
  2 howler monkey zombies
  22 gnolls
  17 river rats
  22 adders
  A white imp (D:5)
  4 ufetubi
  4 dart slugs
  6 worms
  33 orcs
  9 ball pythons
  5 bats
  10 endoplasms
  4 giant cockroaches
  5 hobgoblins
  4 jackals (Sewer)
  26 kobolds
  5 quokkas
  8 frilled lizards
  9 goblins
  A goblin skeleton (D:11)
  4 goblin zombies (D:11)
  A hobgoblin skeleton (D:11)
  4 hobgoblin zombies (D:11)
  A jackal skeleton (D:2)
  3 orc skeletons (D:11)
  12 orc zombies (D:11)
  5 rats
388 creatures vanquished.

Vanquished Creatures (others)
  33 plants
33 creatures vanquished.

Grand Total: 421 creatures vanquished

Notes
Turn   | Place    | Note
-------+----------+-------------------------------------------
     0 | D:1      | vurker the Felid Air Elementalist began the quest for the
                  | Orb.
     0 | D:1      | Reached XP level 1. HP: 7/7 MP: 4/4
    70 | D:1      | Reached skill level 1 in Conjurations
   570 | D:1      | Reached XP level 2. HP: 12/12 MP: 1/6
  1413 | D:2      | Found a faded altar of an unknown god.
  1463 | D:2      | Reached skill level 1 in Fighting
  1463 | D:2      | Reached XP level 3. HP: 9/15 MP: 2/7
  2284 | D:2      | Reached XP level 4. HP: 19/19 MP: 6/9
  2763 | D:3      | Reached skill level 3 in Spellcasting
  3005 | D:3      | Reached XP level 5. HP: 22/22 MP: 4/10
  3175 | D:3      | Noticed Jessica
  3179 | D:3      | Killed Jessica
  3976 | D:4      | Noticed a phantom
  3990 | D:4      | Killed a phantom
  3991 | D:4      | Gained mutation: You are covered in thick fur. (AC +2)
                  | [Felid growth]
  3991 | D:4      | Reached XP level 6. HP: 19/26 MP: 6/12
  3996 | D:4      | Learned a level 4 spell: Airstrike
  4094 | D:4      | Found Biviapia's Weapon Emporium.
  4161 | D:4      | Reached skill level 4 in Spellcasting
  4377 | D:4      | Noticed Menkaure
  4395 | D:4      | Killed Menkaure
  4612 | D:4      | Reached XP level 7. HP: 30/30 MP: 10/14
  5064 | D:4      | Reached skill level 5 in Air Magic
  5440 | D:5      | Entered Level 5 of the Dungeon
  5870 | D:5      | Found a staircase to the Ecumenical Temple.
  5881 | Temple   | Entered the Ecumenical Temple
  5956 | Temple   | Became a worshipper of Vehumet
  6058 | D:5      | Reached skill level 5 in Spellcasting
  6326 | D:5      | Reached XP level 8. HP: 35/35 MP: 9/17
  7023 | D:5      | Reached skill level 6 in Spellcasting
  7903 | D:6      | Found a glowing drain.
  7909 | Sewer    | Entered a sewer
  9621 | D:6      | Reached * piety under Vehumet
  9621 | D:6      | Offered knowledge of Freeze by Vehumet.
  9768 | D:6      | Found a shimmering blue altar of Sif Muna.
  9874 | D:6      | Reached XP level 9. HP: 39/39 MP: 16/20
 10120 | D:6      | Reached skill level 7 in Spellcasting
 10580 | D:6      | Reached skill level 5 in Fighting
 11884 | D:7      | Reached ** piety under Vehumet
 11886 | D:7      | Offered knowledge of Sandblast by Vehumet.
 12069 | D:7      | Found an opulent altar of Gozag.
 12247 | D:7      | Reached skill level 8 in Spellcasting
 13020 | D:7      | Found the +2 ratskin cloak {*Rats rPois rN+ Str-1 Int-1
                  | Dex+1}
 13158 | D:8      | Noticed a two-headed ogre
 13195 | D:8      | Killed a two-headed ogre
 13196 | D:8      | Reached XP level 10. HP: 44/45 MP: 12/23
 13454 | D:8      | Offered knowledge of Frozen Ramparts by Vehumet.
 13658 | D:8      | Noticed Joseph
 13666 | D:8      | Killed Joseph
 13894 | D:8      | Reached *** piety under Vehumet
 13909 | D:8      | Reached skill level 9 in Spellcasting
 14393 | D:9      | Noticed a manticore
 14398 | D:9      | Noticed a centaur warrior
 15306 | D:9      | Offered knowledge of Mephitic Cloud by Vehumet.
 16042 | D:9      | Identified the +2 trident of Ambiguity {protect, rElec rF++
                  | Str-4 SInv}
 16161 | D:10     | Entered Level 10 of the Dungeon
 16161 | D:10     | Noticed a gargoyle
 16170 | D:10     | Killed a gargoyle
 16288 | D:9      | Noticed a deep elf pyromancer
 16420 | D:10     | Found a staircase to the Lair.
 16687 | D:10     | Reached skill level 10 in Air Magic
 16949 | D:10     | Reached skill level 10 in Spellcasting
 16949 | D:10     | Reached XP level 11. HP: 50/50 MP: 10/26
 17471 | D:10     | Reached **** piety under Vehumet
 17927 | D:11     | Found a runed translucent door.
 17927 | D:11     | Noticed casual's ghost (journeyman GnTm)
 17995 | D:11     | Noticed a tengu warrior
 18249 | D:11     | Noticed Erica
 18278 | D:11     | Killed Erica
 18279 | D:11     | Killed a tengu warrior
 18279 | D:11     | Offered knowledge of Inner Flame by Vehumet.
 18508 | D:11     | Noticed a two-headed ogre
 18528 | D:11     | Killed a two-headed ogre
 18767 | D:11     | Learned a level 4 spell: Olgreb's Toxic Radiance
 19202 | D:11     | Reached skill level 1 in Poison Magic
 19452 | D:11     | Found a staircase to the Orcish Mines.
 19489 | D:11     | Learned a level 5 spell: Lightning Bolt
 19497 | D:11     | Noticed a two-headed ogre
 19506 | D:11     | Killed a two-headed ogre
 19532 | D:11     | Noticed a tengu warrior
 19829 | D:11     | Killed a tengu warrior
 19976 | D:11     | Reached skill level 11 in Spellcasting
 21335 | D:12     | Noticed Josephine
 21430 | D:12     | Noticed a two-headed ogre
 21442 | D:12     | Killed a two-headed ogre
 21443 | D:12     | Gained mutation: Your thick and shaggy fur keeps you warm.
                  | (AC +3, rC+) [Felid growth]
 21443 | D:12     | Reached XP level 12. HP: 48/56 MP: 4/28
 21732 | D:12     | Noticed a six-headed hydra
 21738 | D:12     | Killed a six-headed hydra
 21918 | D:12     | You fall into a shaft and drop 2 floors!
 21981 | D:14     | Reached ***** piety under Vehumet
 21990 | D:14     | Offered knowledge of Orb of Destruction by Vehumet.
 21991 | D:14     | Reached skill level 5 in Poison Magic
 22039 | D:14     | Noticed a centaur warrior
 22041 | D:14     | Shot with an arrow by a centaur warrior
 22042 | D:14     | Reached XP level 11. HP: -16/53 MP: 16/36
 22055 | D:14     | Noticed an ice dragon
 22056 | D:14     | Noticed Merytag's ghost (journeyman MiFi)
 22065 | D:14     | Found Etash's Demolitions Depot.
 22072 | D:14     | Noticed a tengu warrior
 22100 | D:14     | Noticed a centaur warrior
 22105 | D:14     | Killed a centaur warrior
 22106 | D:14     | Reached skill level 12 in Spellcasting
 22390 | D:14     | Found a runed translucent gate.
 22390 | D:14     | Found a runed translucent gate.
 22390 | D:14     | Found a runed translucent gate.
 22514 | D:13     | Noticed a two-headed ogre
 22519 | D:13     | Killed a two-headed ogre
 22616 | D:13     | Noticed a death knight
 22631 | D:12     | Killed from afar by Josephine
 22632 | D:12     | Reached XP level 10. HP: -5/44 MP: 16/36
 22632 | D:12     | Quit the game

Illustrated notes

Levels and vault maps discovered:
D:1:      lightli_arrival_maybe_door_vault, layout_basic, skrybe_limestone_x,
          nicolae_wormholes
D:2:      cheibrodos_old_hovel, layout_loops_ring,
          dreamdust_ecumenical_altar_statues
D:3:      layout_loops_ring, uniq_jessica
D:4:      layout_gridville, serial_shops, nicolae_shop_advertising_works
          [nicolae_subvault_shop_adworks], st_stairs_13,
          hangedman_minor_gate_pass, uniq_menkaure
D:5:      layout_loops_corners, minmay_temple_entry_waves, feat_on_display
D:6:      layout_gridville, led_sif_book, gup_sewer_entry_bubbles,
          chequers_serial_rivers_marsh, grunt_ministairs_7, minivault_19
D:7:      wander_guarded_unrand_ratskin, layout_basic,
          mainiacjoe_overflow_small_starburst, minmay_misc_feat_pillars
D:8:      layout_basic, uniq_joseph
D:9:      cheibrodos_elevator_heist, layout_basic, nicolae_looking_at_the_future
D:10:     layout_big_octagon, kennysheep_generic_room_9
D:11:     layout_basic, zombieorc2_lemuel, hellmonk_ghost_happy_afterlife,
          uniq_erica
D:12:     layout_grid_maze, enter_bailey_3, uniq_josephine
D:13:     layout_rooms, ximxim_vaults_locker_room
D:14:     layout_roguey, nrook_campfire, gammafunk_ghost_icy,
          nicolae_blasting_shop
Temple:   mainiacjoe_temple_cubbyholes

Skill      XL: |  1  2  3  4  5  6  7  8  9 10 11 12 |
---------------+-------------------------------------+-----
Conjurations   | 1 2 3 |  3.0
Air Magic      | 3 4 5 7 8 10 11 | 11.0
Fighting       | 1 2 3 4 6 7 8 9 |  9.3
Spellcasting   | 3 4 5 6 8 10 12 | 12.2
Poison Magic   | 4 5 |  5.0
Dodging        | |  2.6
Stealth        | |  2.6

Action                   |  1- 3 |  4- 6 |  7- 9 | 10-12 || total
-------------------------+-------+-------+-------+-------++-------
Melee: Unarmed           |     9 |       |    14 |       ||    23
 Cast: Shock             |    94 |   119 |   301 |    67 ||   581
       Airstrike         |       |       |   109 |   309 ||   418
       Lightning Bolt    |       |       |       |    17 ||    17
       Olgreb's Toxic Ra |       |       |       |    11 ||    11
Evoke: Wand              |       |       |       |    12 ||    12
  Use: Potion            |     1 |       |     1 |     2 ||     4
       Scroll            |       |     6 |     5 |     9 ||    20
Armor: Skin              |     1 |       |    13 |    27 ||    41
Dodge: Dodged            |    14 |    15 |    52 |    81 ||   162
Block: Other             |       |       |    18 |    26 ||    44
       Reflection        |       |       |       |     7 ||     7

Table legend: (Time is in decaauts)
 A = Elapsed time spent in this place.
 B = Non-inter-level travel time spent in this place.
 C = Inter-level travel time spent in this place.
 D = Time resting spent in this place.
 E = Time spent auto-exploring this place.
 F = Levels seen in this place.
 G = Mean time per level.
                   A        B        C        D        E       F      G
               +--------+--------+--------+--------+--------+-----+--------+
         Total |  21056 |  20638 |    418 |   1877 |  16167 |  16 | 1316.0 |
       Dungeon |  19929 |  19550 |    379 |   1877 |  15275 |  14 | 1423.5 |
        Temple |    101 |     63 |     38 |      0 |     55 |   1 |  101.0 |
         Sewer |   1025 |   1025 |      0 |      0 |    836 |   1 | 1025.0 |
               +--------+--------+--------+--------+--------+-----+--------+

Top non-repeatable levels by time:
    D:11: 2692 daAuts
     D:6: 2289 daAuts
    D:10: 2015 daAuts
     D:7: 1984 daAuts
     D:5: 1871 daAuts
     D:2: 1567 daAuts
     D:8: 1459 daAuts
     D:4: 1338 daAuts
     D:9: 1318 daAuts
     D:3: 1045 daAuts
   Sewer: 1025 daAuts
     D:1: 966 daAuts
    D:12: 698 daAuts
    D:14: 567 daAuts
    D:13: 114 daAuts
